cohdb
Replays
Latest Replays
All Replays
Popular Replays
Top Player Replays
Match Explorer
How It Works
Community
CoH3 Stats
Reddit
Sign in to upload your games and track your stats! →
Sign in with Steam
Match 41935263
Unlisted
Match 41935263
Overview
Messages
Build Orders
End
Scout Squad
Construct Weapon Support Center
Selects Heavy Weapons
M1919 Machine Gun Team
Bazooka Squad
M1919 Machine Gun Team
Selects M2HB .50cal Heavy Machine Gun
Mechanized Support Center
M1919 Machine Gun Team
M3 Armored Personnel Carrier
Selects Assault Carriers
Construct Medical Station
Selects Exchangeable Parts
Engineer Squad
Designate Forward Repair Station
Bazooka Squad
M1919 Machine Gun Team
Bazooka Squad
Construct Tank Depot
Improved M9 Bazooka Rockets
M4A1 Sherman Medium Tank
Bazooka Squad
Scout Squad
Improvised Armor
NotQuiteAKing
ultimatron
Alloyzy Klex
SEPH
0
0
Comments
sign in to comment!
No comments posted yet!